 Dungeon Crawl Stone Soup version 0.23.1 (webtiles) character file.

Game seed: 13769944533189309046

202 Borgoz the Sneak (level 5, -2/41 HPs)
             Began as a Ghoul Enchanter on Mar 3, 2019.
             Slain by a worker ant (7 damage)
             ... on level 3 of the Dungeon.
             The game lasted 00:07:46 (4274 turns).

Borgoz the Sneak (Ghoul Enchanter)                  Turns: 4274, Time: 00:07:47

Health: -2/41      AC:  2    Str: 11 (12) XL:     5   Next: 80%
Magic:  2/6        EV: 12    Int:  8 (10) God:
Gold:   196        SH:  0    Dex:  7 (10) Spells: 4/7 levels left

rFire    . . .     SeeInvis .   a - +1 dagger
rCold    + . .     Gourm    .   (no shield)
rNeg     + + +     Faith    .   m - +0 robe
rPois    ∞         Spirit   .   (no helmet)
rElec    .         Reflect  .   (no cloak)
rCorr    .         Harm     .   (no gloves)
MR       .....                  (no boots)
Stlth    ++........             (no amulet)
HPRegen  0.00/turn              (no ring)
MPRegen  0.10/turn              (no ring)

@: very slightly contaminated, rotting
A: rotting body, claws 1, carnivore, cold resistance 1, negative energy
resistance 3, inhibited regeneration, torment resistance, unbreathing
a: no special abilities


You were on level 3 of the Dungeon.
You were not hungry.

You visited 1 branch of the dungeon, and saw 4 of its levels.

You collected 196 gold pieces.

Inventory:

Hand Weapons
 a - a +1 dagger (weapon)
 b - a +0 blowgun
Missiles
 n - 4 poisoned needles
Armour
 m - a +0 robe (worn)
 r - a +0 leather armour
Scrolls
 c - a scroll of amnesia {unknown}
 e - 6 scrolls of remove curse
 h - a scroll of magic mapping {unknown}
 j - a scroll of fog {unknown}
 k - 2 scrolls of teleportation {unknown}
 l - a scroll of enchant weapon {unknown}
 o - a scroll of enchant armour {unknown}
Potions
 p - a potion of degeneration
Comestibles
 d - 9 rations


   Skills:
 + Level 2.1 Fighting
 * Level 2.8 Short Blades
 * Level 3.3 Dodging
 + Level 4.1 Stealth
 + Level 1.8 Spellcasting
 + Level 2.5 Hexes


You had 4 spell levels left.
You knew the following spells:

 Your Spells              Type           Power        Failure   Level  Hunger
a - Corona                Hex            #......      13%         1    ##.....
b - Ensorcelled Hibernat  Hex/Ice        #.....       32%         2    ###....

Your spell library contained the following spells:

 Spells                   Type           Power        Failure   Level  Hunger
 Confuse                  Hex            #.......     36%         3    ####...
 Tukima's Dance           Hex            #.......     36%         3    ####...
 Dazzling Spray           Conj/Hex       #.....       54%         3    ####...


Dungeon Overview and Level Annotations

Branches:
Dungeon (4/15)
 Temple: D:4-7

Altars:
Sif Muna
Vehumet
The Shining One


Innate Abilities, Weirdness & Mutations

Your body is rotting away.
You thrive on raw meat.
You are immune to poison.
You have sharp fingernails.
You are carnivorous and can eat meat at any time.
Your flesh is cold resistant. (rC+)
You are immune to negative energy. (rN+++)
You do not regenerate when monsters are visible.
You are immune to unholy pain and torment.
You can survive without breathing.


Message History

The worker ant bites you.
* * * LOW HITPOINT WARNING * * *
Magic courses through your body. The worker ant misses you.
Casting: Ensorcelled Hibernation (safe; 32% risk of failure)
Confirm with . or Enter, or press ? or * to list all spells.
Aiming: Ensorcelled Hibernation (safe; 32% risk of failure)
Press: ? - help, Shift-Dir - straight line, f/p - worker ant
Aim: a worker ant (severely wounded, chance to defeat MR: 43%)
You miscast Ensorcelled Hibernation.
You are very lightly contaminated with residual magic.
Your claws feel numb with cold.
The worker ant bites you.
* * * LOW HITPOINT WARNING * * *
Casting: Ensorcelled Hibernation (safe; 32% risk of failure)
Confirm with . or Enter, or press ? or * to list all spells.
Aiming: Ensorcelled Hibernation (safe; 32% risk of failure)
Press: ? - help, Shift-Dir - straight line, f/p - worker ant
Aim: a worker ant (severely wounded, chance to defeat MR: 43%)
You miscast Ensorcelled Hibernation.
Frost spreads across the the floor.
The worker ant bites you!
You die...

#...###.###..#≈≈.≈≈≈≈.≈#
#...+.._..'..#≈≈≈≈≈≈≈≈≈#
#...#######..##≈≈≈≈≈≈≈###
#...# ### #..##≈≈≈≈≈≈≈#.#
#...#######..###≈≈≈≈≈##.#
##...........# #######..#
#....#>####.# #..##
#.####.####.# #.... #.#
#.a@...# #..## #.#
####...# #.## #.# #.#.#
#.# #)# #.#.# #.# #.#
#.#.####### #.# #.#
#.#.......# #.# #.#
#.#######.# #.# #.# #.#
#.# #.# #.# #.# #.# #.#


You could see a worker ant.

Vanquished Creatures
  2 orc wizards (D:3)
  A worker ant (D:4)
  3 adders
  An ooze (D:1)
  An adder skeleton (D:4)
  5 dart slugs
  2 leopard geckos
  2 orcs (D:3)
  7 bats
  7 giant cockroaches
  5 hobgoblins
  7 jackals
  2 quokkas
  7 frilled lizards
  7 goblins
  7 kobolds
  9 rats
75 creatures vanquished.

Notes
Turn   | Place    | Note
-------+----------+-------------------------------------------
     0 | D:1      | Borgoz the Ghoul Enchanter began the quest for the Orb.
     0 | D:1      | Reached XP level 1. HP: 14/14 MP: 2/2
   241 | D:2      | Reached skill level 1 in Short Blades
   437 | D:2      | Reached XP level 2. HP: 13/22 MP: 3/3
  1033 | D:1      | Reached skill level 1 in Fighting
  1095 | D:1      | Reached XP level 3. HP: 21/28 MP: 4/4
  2049 | D:2      | Learned a level 2 spell: Ensorcelled Hibernation
  2890 | D:3      | Reached XP level 4. HP: 29/35 MP: 5/5
  2969 | D:3      | Reached XP level 5. HP: 10/41 MP: 2/6
  3209 | D:3      | Reached skill level 4 in Stealth
  3455 | D:3      | Found a radiant altar of Vehumet.
  3550 | D:3      | Found a deep blue altar of Sif Muna.
  3796 | D:3      | Found a glowing golden altar of the Shining One.
  4274 | D:3      | Slain by a worker ant

Skill      XL: |  1  2  3  4  5 |
---------------+----------------+-----
Short Blades   | 1 2 |  2.8
Dodging        | 2 3 |  3.3
Fighting       | 1 2 |  2.1
Stealth        | 4 |  4.1
Spellcasting   | |  1.8
Hexes          | |  2.5

Action                   |  1- 3 |  4- 6 || total
-------------------------+-------+-------++-------
Melee: Dagger            |   233 |   162 ||   395
 Cast: Ensorcelled Hiber |     2 |     8 ||    10
  Use: Scroll            |     4 |       ||     4
       Potion            |     1 |     5 ||     6
 Stab: Sleeping          |     5 |     6 ||    11
       Invisible         |     1 |       ||     1
       Distracted        |       |     1 ||     1
  Eat: Chunk             |    18 |    13 ||    31
Armor: Robe              |    41 |    21 ||    62
Dodge: Dodged            |   150 |   126 ||   276
